AoeStats
← ajanderson120

Oasis

508519681Analyzed
4v4 RM · 11d ago on Sep 22, 2026· 90m 45s· 8 players
Game mode
Random Map
Map size
Large (8 player)
Population
200
Speed
Normal
Resources
Standard
Victory
Conquest
Starting age
Dark Age
Ending age
Imperial Age
RankedLock teamsTeams togetherTeam positionsShared explorationLock speedFull tech treeHidden civsTurbo modeCheats
Victory
Defeat
🇺🇸 Koreans · United States
1187
+14
🇨🇳 Random · China
1141
+15
🇹🇷 Armenians · Türkiye
1129
+16
🇩🇪 Teutons · Germany
1103
+17
🇨🇱 Lithuanians · Chile
1151
-16
🇨🇱 Italians · Chile
1146
-16
🇨🇱 Random · Chile
1138
-16
🇨🇱 Khmer · Chile
1086
-14
LWV | planb
7:17 Loom
9:50 Feudal Age
10:23 Double-Bit Axe
14:25 Wheelbarrow
14:55 Fletching
15:36 Town Watch
22:27 Castle Age
20:36 Gold Mining
20:39 Horse Collar
21:26 Stone Mining
22:40 Crossbowman
23:16 Bodkin Arrow
23:36 Bow Saw
25:58 Ballistics
27:49 Heavy Plow
27:40 Treadmill Crane
28:44 Hand Cart
31:30 Padded Archer Armor
35:59 Thumb Ring
38:58 Imperial Age
37:59 Leather Archer Armor
39:54 Bracer
41:54 Conscription
42:40 Ring Archer Armor
42:22 Masonry
43:13 Chemistry
43:04 Conscription
44:28 Hoardings
45:33 Elite Skirmisher
47:02 Elite Genoese Crossbowman
49:43 Arbalester
51:32 Two-Man Saw
51:05 Crop Rotation
51:19 Bloodlines
51:10 Husbandry
50:31 Light Cavalry
52:26 Caravan
54:34 Hussar
55:26 Forging
55:16 Scale Mail Armor
55:22 Scale Barding Armor
56:13 Silk Road
57:37 Chain Barding Armor
57:53 Iron Casting
59:01 Pirotechnia
59:37 Town Patrol
66:15 Blast Furnace
66:06 Plate Barding Armor
85:52 Architecture
LWV | AndresO11
10:03 Feudal Age
15:00 Castle Age
14:52 Double-Bit Axe
14:50 Horse Collar
15:08 Gold Mining
15:06 Loom
16:39 Wheelbarrow
17:18 Bow Saw
19:52 Forging
21:13 Scale Barding Armor
25:05 Iron Casting
25:58 Bloodlines
31:04 Hand Cart
31:41 Chain Barding Armor
35:39 Imperial Age
33:41 Husbandry
35:43 Chain Barding Armor
35:55 Fletching
36:49 Cavalier
38:58 Chemistry
37:58 Town Watch
40:39 Ballistics
40:33 Masonry
40:29 Paladin
43:40 Plate Barding Armor
43:44 Bodkin Arrow
43:50 Padded Archer Armor
47:04 Murder Holes
47:00 Elite Skirmisher
47:46 Thumb Ring
47:44 Bracer
49:39 Conscription
77:27 Light Cavalry
82:26 Winged Hussar
85:22 Caravan
Cous
6:34 Loom
9:27 Feudal Age
9:44 Man-at-Arms
21:24 Castle Age
25:48 Double-Bit Axe
27:04 Scale Mail Armor
28:27 Forging
29:06 Long Swordsman
31:32 Wheelbarrow
31:36 Gambesons
32:46 Bow Saw
34:11 Chain Mail Armor
34:02 Gold Mining
33:59 Horse Collar
34:42 Squires
37:25 Iron Casting
37:33 Heavy Plow
38:42 Hand Cart
38:16 Town Watch
44:33 Imperial Age
42:24 Stone Mining
43:17 Fletching
45:09 Bodkin Arrow
45:56 Ballistics
45:07 Two-Handed Swordsman
46:20 Plate Mail Armor
46:14 Champion
47:11 Hamask
49:02 Siege Engineers
48:23 Onager
50:19 Elite Skirmisher
58:11 Chemistry
62:33 Conscription
63:40 Blast Furnace
63:20 Pikeman
68:30 Caravan
69:53 Bracer
LWV | ChrisJedai
8:33 Loom
11:05 Feudal Age
14:40 Castle Age
13:04 Double-Bit Axe
13:03 Horse Collar
16:29 Bloodlines
16:20 Husbandry
19:25 Forging
22:18 Bow Saw
29:54 Imperial Age
28:01 Wheelbarrow
27:52 Gold Mining
28:30 Town Watch
29:47 Scale Barding Armor
30:18 Iron Casting
30:20 Heavy Plow
32:28 Hand Cart
33:18 Blast Furnace
35:29 Crop Rotation
36:04 Chain Barding Armor
35:14 Light Cavalry
37:16 Conscription
37:00 Tusk Swords
37:40 Town Patrol
37:34 Hussar
41:28 Plate Barding Armor
42:03 Pikeman
42:50 Scale Mail Armor
42:35 Elite Battle Elephant
45:31 Halberdier
45:57 Arson
50:25 Fletching
50:50 Chain Mail Armor
66:47 Double Crossbow
75:29 Heavy Scorpion
85:23 Siege Engineers
85:39 Ballistics
ajanderson120
10:17 Feudal Age
10:37 Loom
12:49 Horse Collar
18:47 Castle Age
17:05 Fletching
17:58 Double-Bit Axe
19:20 Gold Mining
20:21 Bow Saw
22:36 Crossbowman
26:16 Bodkin Arrow
26:44 Ballistics
26:39 Stone Mining
31:35 Heavy Plow
33:45 Wheelbarrow
34:23 Murder Holes
34:09 Treadmill Crane
37:34 Imperial Age
35:42 Thumb Ring
36:22 Hand Cart
37:43 Gold Shaft Mining
37:48 Stone Shaft Mining
38:01 Arbalester
39:46 Chemistry
38:49 Bracer
39:27 Conscription
39:09 Eupseong
39:13 Elite Skirmisher
40:36 Scale Mail Armor
40:26 Arrowslits
40:52 Masonry
42:47 Forging
42:54 Chain Mail Armor
42:52 Guilds
43:12 Coinage
44:00 Squires
43:45 Arson
47:15 Caravan
57:18 Plate Mail Armor
57:23 Iron Casting
58:07 Two-Man Saw
56:46 Elite Fire Lancer
57:46 Pikeman
58:47 Fortified Wall
58:27 Halberdier
66:47 Siege Engineers
67:13 Architecture
75:05 Banking
75:52 Scale Barding Armor
82:25 Town Watch
Tomminger
11:12 Feudal Age
15:19 Castle Age
13:50 Double-Bit Axe
14:57 Horse Collar
16:35 Bow Saw
18:55 Loom
19:43 Scale Barding Armor
21:02 Heavy Plow
22:49 Forging
23:13 Bloodlines
24:38 Gold Mining
26:55 Iron Casting
26:22 Scale Mail Armor
32:03 Imperial Age
30:12 Wheelbarrow
30:42 Chain Barding Armor
31:51 Hand Cart
31:22 Town Watch
33:49 Blast Furnace
32:31 Cavalier
34:01 Paladin
36:19 Plate Barding Armor
36:33 Conscription
42:01 Chain Mail Armor
41:37 Fletching
43:05 Caravan
46:33 Two-Man Saw
47:19 Man-at-Arms
47:47 Gambesons
48:03 Squires
47:49 Arson
48:38 Plate Mail Armor
48:29 Elite Teutonic Knight
50:48 Bodkin Arrow
50:51 Long Swordsman
53:15 Two-Handed Swordsman
53:54 Champion
56:15 Pikeman
59:30 Halberdier
63:45 Halberdier
76:08 Crop Rotation
75:52 Onager
77:33 Siege Engineers
77:49 Ballistics
78:30 Chemistry
77:41 Masonry
77:42 Fortified Wall
78:28 Siege Onager
UnCLeMaRcH
2:09 Loom
10:55 Feudal Age
11:08 Man-at-Arms
14:17 Scale Mail Armor
15:33 Double-Bit Axe
18:47 Fletching
24:11 Castle Age
22:46 Gold Mining
22:51 Stone Mining
22:53 Horse Collar
24:00 Padded Archer Armor
25:05 Bow Saw
25:31 Gold Shaft Mining
25:22 Bodkin Arrow
25:42 Leather Archer Armor
26:42 Wheelbarrow
25:52 Town Watch
30:20 Heavy Plow
34:30 Hand Cart
38:02 Ballistics
37:39 Murder Holes
49:49 Imperial Age
48:57 Chain Mail Armor
48:20 Long Swordsman
48:45 Gambesons
49:01 Squires
48:51 Arson
48:36 Pikeman
51:07 Plate Mail Armor
51:08 Ring Archer Armor
50:39 Bracer
50:08 Two-Handed Swordsman
50:57 Champion
51:44 Halberdier
53:15 Forging
52:38 Elite Composite Bowman
55:46 Iron Casting
58:40 Chemistry
58:41 Conscription
58:28 Fereters
66:44 Guilds
76:53 Caravan
82:07 Coinage
85:38 Coinage
85:28 Cilician Fleet
89:03 Town Patrol
COIL
2:30 Loom
11:20 Feudal Age
15:50 Wheelbarrow
17:50 Castle Age
16:32 Double-Bit Axe
19:53 Squires
25:18 Fletching
26:00 Arson
29:38 Gold Mining
30:02 Bow Saw
29:37 Horse Collar
32:23 Heavy Plow
37:12 Imperial Age
36:28 Scale Mail Armor
37:29 Elite Hearth Troop
38:30 Conscription
38:28 Chain Mail Armor
38:26 Forging
38:55 Gold Shaft Mining
38:14 Stone Mining
38:44 Shield Wall
40:19 Plate Mail Armor
41:35 Iron Casting
43:01 Hoardings
41:57 Elite Varangian Guard
42:57 Gambesons
42:33 Pikeman
43:50 Bodkin Arrow
44:18 Halberdier
44:59 Man-at-Arms
46:10 Long Swordsman
47:16 Bracer
47:04 Two-Handed Swordsman
48:00 Padded Archer Armor
48:07 Caravan
48:18 Champion
50:19 Two-Man Saw
49:52 Crop Rotation
53:16 Coinage
53:00 Scale Barding Armor
61:09 Banking
63:13 Hand Cart
62:48 Town Watch
64:38 Fortified Wall
64:39 Masonry
64:50 Ballistics
65:30 Chemistry
65:31 Guilds
67:18 Chain Barding Armor
78:23 Architecture
78:00 Siege Engineers
77:50 Murder Holes
77:54 Guard Tower
77:50 Arrowslits
79:15 Town Patrol
Connection lost

Rejoining the realm…

Still unreachable

The connection could not be restored.

Session expired

The server has moved on; the page needs a fresh start.